 Dungeon Sprint DCSS version 0.24-a0-581-gc0fa660 (webtiles) character file.

Game seed: 15087390195844820515

10491 silentkaos13 the Spear-Bearer (level 11, -5/94 (95) HPs)
             Began as a Gnoll Berserker on Aug 24, 2019.
             Was the Champion of Trog.
             Killed by divine providence
             ... invoked by a daeva
              (13 damage)
             ... in the Dungeon (Sprint I: "Red Sonja").
             The game lasted 00:10:18 (3571 turns).

silentkaos13 the Spear-Bearer (Gnoll Berserker)     Turns: 3571, Time: 00:10:20

HP:   -5/94 (95)    AC: 10    Str: 22    XL:     11   Next: 62%
MP:   8/8           EV: 17    Int: 11    God:    Trog [******]
Gold: 802           SH:  0    Dex: 14    Spells: 30/30 levels left

rFire    + . .     SeeInvis +   o - +5 eveningstar (antimagic)
rCold    . . .     Gourm    .   (no shield)
rNeg     + . .     Faith    .   n - +1 scale mail of Puesyl {rElec rF+ rN+ Stlth-}
rPois    .         Spirit   .   (no helmet)
rElec    +         Reflect  .   (no cloak)
rCorr    .         Harm     .   (no gloves)
MR       ++...     NoTele   +   (no boots)
Stlth    +.........             p - amulet of the acrobat
HPRegen  1.25/turn              q - ring of Subbitt {Slay+5 SInv}
MPRegen  0.11/turn              (no ring)

@: regenerating, glowing
A: distributed training, fangs 1, strong nose
a: Berserk, Trog's Hand, Brothers in Arms, Renounce Religion


You were in the Dungeon.
You worshipped Trog.
Trog was exalted by your worship.
You were not hungry.

You visited 1 branch You collected 1714 gold pieces.
You spent 912 gold pieces at shops.

Inventory:

Hand Weapons
 a - a +0 spear
 k - a +2 scythe of freezing
 o - a +5 antimagic eveningstar (weapon)
 s - the +8 hand axe of Capital Punishment {flame, Dex+4}
   (You found it in the Dungeon)

   It has been specially enchanted to burn those struck by it, causing extra
   injury to most foes and up to half again as much damage against particularly
   susceptible opponents.
   Big, fiery blades are also staple armaments of hydra-hunters.
   It affects your dexterity (+4).
Missiles
 c - 3 curare-tipped darts (quivered)
Armour
 b - a +0 animal skin
 n - the +1 scale mail of Puesyl (worn) {rElec rF+ rN+ Stlth-}
   (You bought it in a shop in the Dungeon)

   It protects you from fire.
   It insulates you from electricity.
   It protects you from negative energy.
   It makes you less stealthy.
Jewellery
 p - an amulet of the acrobat (around neck)
 q - the ring of Subbitt (left hand) {Slay+5 SInv}
   (You bought it in a shop in the Dungeon)

   [ring of see invisible]

   It affects your accuracy and damage with ranged weapons and melee attacks
   (+5).
   It lets you see invisible.
Wands
 j - a wand of polymorph (2)
Scrolls
 e - a scroll of immolation {unknown}
 i - a scroll of blinking
 l - a scroll of enchant armour {unknown}
 m - a scroll of identify
Potions
 d - 5 potions of curing
 g - 2 potions of magic
 h - a potion of berserk rage
Miscellaneous
 r - a fan of gales
Comestibles
 t - 2 rations


   Skills:
 + Level 12.0 Fighting
 + Level 10.4 Short Blades
 + Level 10.4 Long Blades
 + Level 10.4 Axes
 + Level 10.4 Maces & Flails
 + Level 12.0 Polearms
 + Level 10.4 Staves
 + Level 10.4 Slings
 + Level 10.4 Bows
 + Level 10.4 Crossbows
 + Level 10.4 Throwing
 + Level 11.3 Armour
 + Level 11.3 Dodging
 + Level 10.4 Stealth
 + Level 10.4 Shields
 + Level 10.4 Unarmed Combat
 + Level 10.4 Spellcasting
 + Level 8.8 Conjurations
 + Level 8.8 Hexes
 + Level 8.8 Charms
 + Level 8.8 Summonings
 + Level 8.8 Necromancy
 + Level 8.8 Translocations
 + Level 8.8 Transmutations
 + Level 8.8 Fire Magic
 + Level 8.8 Ice Magic
 + Level 8.8 Air Magic
 + Level 8.8 Earth Magic
 + Level 8.8 Poison Magic
 + Level 11.2 Invocations
 + Level 10.4 Evocations


You had 30 spell levels left.
You didn't know any spells.
Your spell library was empty.

Dungeon Overview and Level Annotations

Branches:
Dungeon (1/1)

Altars:
Cheibriados
Dithmenos
Elyvilon
Fedhas
Gozag
Hepliaklqana
Kikubaaqudgha
Makhleb
Nemelex Xobeh
Okawaru
Qazlal
Ru
Sif Muna
Trog
Uskayaw
Vehumet
Wu Jian
Xom
Yredelemnul
Zin
The Shining One
Jiyva
Lugonu

Shops:
D =[?}*:%[?(%}%%![!


Innate Abilities, Weirdness & Mutations

Your experience applies equally to all skills.
You have very sharp teeth.
Your uncanny sense of smell can sniff out nearby items.


Message History

The Shining One smites you!
* * * LOW HITPOINT WARNING * * *
The unseen horror closely misses you.
Your skin crawls.
You feel resistant to hostile enchantments.
You feel somewhat more hungry. The unseen horror misses you.
The unseen horror completely misses you.
The unseen horror misses you. The unseen horror hits you!
* * * LOW HITPOINT WARNING * * *
You hit the unseen horror but do no damage.
The unseen horror hits you but does no damage.
The unseen horror barely misses you.
You hit the unseen horror.
The unseen horror is lightly wounded.
The unseen horror hits you.
* * * LOW HITPOINT WARNING * * *
The unseen horror barely misses you.
The daeva calls down the wrath of the Shining One upon you.
The Shining One smites you!
You die...

()..#..#.§§§'(§§.§†'..#
∆∆∆
#).(##'#§####§§§..##..+
∆∆∆ #..††.§#§#∆
##...###### ∆∆∆
#####..§.# ∆###§#∆%(##
∆∆∆ #§.##+#### ∆
#§##$$$# ∆∆ §..# ∆
#.§###$# #§.#
∆∆∆##.#A#$# ∆ ##§###
#..###$# ##§'.#
#@##..$# .###.#
#x.#+### .∩##.# ∆∆
##xx. ####.# ∆∆ ∆∆ ∆
##.# .§##§# ∆ ∆∆∆∆∆∆∆∆∆
.# ..§§.# ∆∆∆∆∆∆∆∆∆ #
####§#∆∆ ∆∆∆∆∆∆ §§§#§#
∆∆∆ .§#§.#∆∆∆


You could see a daeva and 3 unseen horrors.

Vanquished Creatures
  A hydra (D)
  2 centaur warriors (D)
  3 unseen horrors (D)
  A lindwurm (D)
  A deep troll (D)
  An oklob plant (D)
  2 kobold demonologists (D)
  3 demonic crawlers (D)
  A slime creature (D)
  2 hornets (D)
  2 redbacks (D)
  A yak (D)
  Sigmund (D)
  13 hogs (D)
  3 floating eyes (D)
  7 necrophages (D)
  An ogre (D)
  8 jellies (D)
  Ijyb (D)
  2 ballistomycetes (D)
56 creatures vanquished.

Vanquished Creatures (collateral kills)
  A demonic crawler (D)
1 creature vanquished.

Vanquished Creatures (others)
  A gargoyle (D)
  2 ballistomycete spores (D)
3 creatures vanquished.

Grand Total: 60 creatures vanquished

Notes
Turn   | Place    | Note
-------+----------+-------------------------------------------
     0 | D        | silentkaos13 the Gnoll Berserker began the quest for the
                  | Orb.
     0 | D        | Reached XP level 1. HP: 23/23 MP: 1/1
     1 | D        | Noticed Ijyb
    32 | D        | HP: 1/23 [Ijyb (2)]
    45 | D        | Killed Ijyb
    45 | D        | Reached skill level 1 in Short Blades
    45 | D        | Reached skill level 1 in Long Blades
    45 | D        | Reached skill level 1 in Axes
    45 | D        | Reached skill level 1 in Maces & Flails
    45 | D        | Reached skill level 1 in Staves
    45 | D        | Reached skill level 1 in Slings
    45 | D        | Reached skill level 1 in Bows
    45 | D        | Reached skill level 1 in Crossbows
    45 | D        | Reached skill level 1 in Throwing
    45 | D        | Reached skill level 1 in Stealth
    45 | D        | Reached skill level 1 in Shields
    45 | D        | Reached skill level 1 in Unarmed Combat
    45 | D        | Reached skill level 1 in Spellcasting
    45 | D        | Reached skill level 1 in Conjurations
    45 | D        | Reached skill level 1 in Hexes
    45 | D        | Reached skill level 1 in Charms
    45 | D        | Reached skill level 1 in Summonings
    45 | D        | Reached skill level 1 in Necromancy
    45 | D        | Reached skill level 1 in Translocations
    45 | D        | Reached skill level 1 in Transmutations
    45 | D        | Reached skill level 1 in Fire Magic
    45 | D        | Reached skill level 1 in Ice Magic
    45 | D        | Reached skill level 1 in Air Magic
    45 | D        | Reached skill level 1 in Earth Magic
    45 | D        | Reached skill level 1 in Poison Magic
    45 | D        | Reached skill level 1 in Evocations
    45 | D        | Reached XP level 2. HP: 2/29 MP: 1/4
    45 | D        | Reached XP level 3. HP: 2/35 MP: 1/5
   441 | D        | Noticed an ogre
   451 | D        | Killed an ogre
   451 | D        | Reached skill level 5 in Armour
   451 | D        | Reached skill level 5 in Dodging
   451 | D        | Reached XP level 4. HP: 43/43 MP: 5/8
   463 | D        | Noticed Sigmund
   478 | D        | Killed Sigmund
   478 | D        | Reached ** piety under Trog
   478 | D        | Reached XP level 5. HP: 19/49 MP: 7/11
   478 | D        | Reached XP level 6. HP: 21/56 MP: 7/12
   679 | D        | Found an ornate altar of the Wu Jian Council.
   679 | D        | Found a shimmering blue altar of Sif Muna.
   681 | D        | Found a radiant altar of Vehumet.
   711 | D        | Found Nesot's Antique Armour Emporium.
   711 | D        | Found an ancient bone altar of Kikubaaqudgha.
   711 | D        | Found a hazy altar of Hepliaklqana.
   711 | D        | Found a stormy altar of Qazlal.
   711 | D        | Found a hide-covered altar of Uskayaw.
   711 | D        | Found a blossoming altar of Fedhas.
   711 | D        | Found a bloodstained altar of Trog.
   711 | D        | Found an iron altar of Okawaru.
   711 | D        | Found a basalt altar of Yredelemnul.
   711 | D        | Found a glowing golden altar of the Shining One.
   711 | D        | Found a snail-covered altar of Cheibriados.
   711 | D        | Found a sacrificial altar of Ru.
   711 | D        | Found a glowing silver altar of Zin.
   711 | D        | Found a shadowy altar of Dithmenos.
   711 | D        | Found a white marble altar of Elyvilon.
   711 | D        | Noticed a yak
   712 | D        | Killed a gargoyle
   713 | D        | Killed a yak
   713 | D        | Reached skill level 5 in Invocations
   714 | D        | Found an opulent altar of Gozag.
   715 | D        | Found a sparkling altar of Nemelex Xobeh.
   719 | D        | Bought a slimy scale mail for 216 gold pieces
   729 | D        | Identified the +1 scale mail of Puesyl {rElec rF+ rN+
                  | Stlth-} (You bought it in a shop in the Dungeon)
   740 | D        | Found a burning altar of Makhleb.
   740 | D        | Found a viscous altar of Jiyva.
   740 | D        | Found a shimmering altar of Xom.
   740 | D        | Found a corrupted altar of Lugonu.
   740 | D        | Noticed a slime creature
   749 | D        | Killed a slime creature
   749 | D        | Reached *** piety under Trog
   749 | D        | Reached skill level 5 in Short Blades
   749 | D        | Reached skill level 5 in Long Blades
   749 | D        | Reached skill level 5 in Axes
   749 | D        | Reached skill level 5 in Maces & Flails
   749 | D        | Reached skill level 5 in Staves
   749 | D        | Reached skill level 5 in Slings
   749 | D        | Reached skill level 5 in Bows
   749 | D        | Reached skill level 5 in Crossbows
   749 | D        | Reached skill level 5 in Throwing
   749 | D        | Reached skill level 5 in Stealth
   749 | D        | Reached skill level 5 in Shields
   749 | D        | Reached skill level 5 in Unarmed Combat
   749 | D        | Reached skill level 5 in Spellcasting
   749 | D        | Reached skill level 5 in Evocations
   749 | D        | Reached XP level 7. HP: 14/63 MP: 13/15
  1000 | D        | Noticed a kobold demonologist
  1000 | D        | Noticed a kobold demonologist
  1004 | D        | Noticed a smoke demon
  1007 | D        | Killed a kobold demonologist
  1007 | D        | Reached skill level 5 in Conjurations
  1007 | D        | Reached skill level 5 in Hexes
  1007 | D        | Reached skill level 5 in Charms
  1007 | D        | Reached skill level 5 in Summonings
  1007 | D        | Reached skill level 5 in Necromancy
  1007 | D        | Reached skill level 5 in Translocations
  1007 | D        | Reached skill level 5 in Transmutations
  1007 | D        | Reached skill level 5 in Fire Magic
  1007 | D        | Reached skill level 5 in Ice Magic
  1007 | D        | Reached skill level 5 in Air Magic
  1007 | D        | Reached skill level 5 in Earth Magic
  1007 | D        | Reached skill level 5 in Poison Magic
  1007 | D        | Reached XP level 8. HP: 71/71 MP: 15/17
  1010 | D        | Noticed an orange demon
  1010 | D        | Killed a kobold demonologist
  1010 | D        | Reached **** piety under Trog
  1010 | D        | Received a gift from Trog
  1035 | D        | Noticed Sonja
  1036 | D        | Noticed Sonja
  1036 | D        | Sonja changed into Sonja the hornet
  1040 | D        | Paralysed by Sonja for 3 turns
  1043 | D        | HP: 1/71 [Sonja the hornet (9)]
  1047 | D        | Killed Sonja the hornet
  1070 | D        | Found Eqyc's Jewellery Boutique.
  1451 | D        | Noticed a deep troll
  1458 | D        | Killed a deep troll
  1458 | D        | Reached XP level 9. HP: 39/78 MP: 19/19
  1471 | D        | Found Xemmidyw's Armour Emporium.
  1638 | D        | Bought the ring of Subbitt {Slay+5 SInv} for 516 gold
                  | pieces
  1758 | D        | Noticed a centaur warrior
  1759 | D        | Noticed a centaur warrior
  1766 | D        | Killed a centaur warrior
  1766 | D        | Reached skill level 10 in Fighting
  1766 | D        | Reached skill level 10 in Polearms
  1770 | D        | Killed a centaur warrior
  1946 | D        | Noticed a hornet
  1953 | D        | Paralysed by a hornet for 1 turns
  1955 | D        | Killed a hornet
  1955 | D        | Reached XP level 10. HP: 32/86 MP: 22/22
  2223 | D        | Noticed an oklob plant
  2232 | D        | Killed an oklob plant
  2484 | D        | Reached ***** piety under Trog
  2593 | D        | Noticed an unseen horror
  2593 | D        | Noticed an unseen horror
  2605 | D        | Killed an unseen horror
  2607 | D        | Killed an unseen horror
  2607 | D        | Received a gift from Trog
  2607 | D        | Reached skill level 10 in Armour
  2607 | D        | Reached skill level 10 in Dodging
  2730 | D        | Received a gift from Trog
  2732 | D        | Received a gift from Trog
  2753 | D        | Reached skill level 10 in Invocations
  2761 | D        | Received a gift from Trog
  2768 | D        | Reached ****** piety under Trog
  2787 | D        | Got a faintly glowing hand axe
  2794 | D        | Identified the +8 hand axe of Capital Punishment {flame,
                  | Dex+4} (You found it in the Dungeon)
  2796 | D        | Found Houp's Gadget Shoppe.
  2796 | D        | Found Fegoud's Magic Scroll Shop.
  2796 | D        | Found Xesaig's Assorted Antiques.
  2798 | D        | Found Peocedaa's Book Emporium.
  2798 | D        | Found Qiozi's Food Shop.
  2798 | D        | Found Meliunure's Antique Armour Shoppe.
  2798 | D        | Found Wooghom's Magic Scroll Boutique.
  2798 | D        | Found Fejecur's Weapon Emporium.
  2798 | D        | Found Fasof's Food Shop.
  2798 | D        | Found Nilor's Gadget Shoppe.
  2800 | D        | Found Hiohe's Food Boutique.
  2801 | D        | Found Uphuvece's Distillery.
  2801 | D        | Found Nuinnarch's Food Boutique.
  2802 | D        | Found Kofuni's Distillery.
  2812 | D        | Bought a ration for 60 gold pieces
  2812 | D        | Bought a ration for 60 gold pieces
  2812 | D        | Bought a ration for 60 gold pieces
  2881 | D        | Received a gift from Trog
  2883 | D        | Reached XP level 11. HP: 67/92 MP: 8/24
  2885 | D        | Received a gift from Trog
  2932 | D        | Noticed a lindwurm
  2939 | D        | Killed a lindwurm
  3014 | D        | Received a gift from Trog
  3024 | D        | Received a gift from Trog
  3034 | D        | Reached skill level 10 in Short Blades
  3034 | D        | Reached skill level 10 in Long Blades
  3034 | D        | Reached skill level 10 in Axes
  3034 | D        | Reached skill level 10 in Maces & Flails
  3034 | D        | Reached skill level 10 in Staves
  3034 | D        | Reached skill level 10 in Slings
  3034 | D        | Reached skill level 10 in Bows
  3034 | D        | Reached skill level 10 in Crossbows
  3034 | D        | Reached skill level 10 in Throwing
  3034 | D        | Reached skill level 10 in Stealth
  3034 | D        | Reached skill level 10 in Shields
  3034 | D        | Reached skill level 10 in Unarmed Combat
  3034 | D        | Reached skill level 10 in Spellcasting
  3034 | D        | Reached skill level 10 in Evocations
  3041 | D        | Received a gift from Trog
  3059 | D        | Noticed a 12-headed hydra
  3062 | D        | HP: 2/94 [12-headed hydra (7)]
  3448 | D        | Received a gift from Trog
  3454 | D        | Killed a 12-headed hydra
  3557 | D        | Noticed a daeva
  3561 | D        | Noticed an unseen horror
  3561 | D        | Noticed an unseen horror
  3561 | D        | Noticed an unseen horror
  3561 | D        | Noticed an unseen horror
  3566 | D        | Killed an unseen horror
  3566 | D        | Received a gift from Trog
  3571 | D        | Killed from afar by a daeva

Levels and vault maps discovered:
D:        dungeon_sprint_1 [red_sonja_temple_1, red_sonja_temple_small_1]

Skill      XL: |  1  2  3  4  5  6  7  8  9 10 11 |
---------------+----------------------------------+-----
Short Blades   | 1 2 4 5 6 7 8 9 10 | 10.4
Long Blades    | 1 2 4 5 6 7 8 9 10 | 10.4
Axes           | 1 2 4 5 6 7 8 9 10 | 10.4
Maces & Flails | 1 2 4 5 6 7 8 9 10 | 10.4
Staves         | 1 2 4 5 6 7 8 9 10 | 10.4
Slings         | 1 2 4 5 6 7 8 9 10 | 10.4
Bows           | 1 2 4 5 6 7 8 9 10 | 10.4
Crossbows      | 1 2 4 5 6 7 8 9 10 | 10.4
Throwing       | 1 2 4 5 6 7 8 9 10 | 10.4
Stealth        | 1 2 4 5 6 7 8 9 10 | 10.4
Shields        | 1 2 4 5 6 7 8 9 10 | 10.4
Unarmed Combat | 1 2 4 5 6 7 8 9 10 | 10.4
Spellcasting   | 1 2 4 5 6 7 8 9 10 | 10.4
Conjurations   | 1 2 3 4 5 6 7 8 |  8.8
Hexes          | 1 2 3 4 5 6 7 8 |  8.8
Charms         | 1 2 3 4 5 6 7 8 |  8.8
Summonings     | 1 2 3 4 5 6 7 8 |  8.8
Necromancy     | 1 2 3 4 5 6 7 8 |  8.8
Translocations | 1 2 3 4 5 6 7 8 |  8.8
Transmutations | 1 2 3 4 5 6 7 8 |  8.8
Fire Magic     | 1 2 3 4 5 6 7 8 |  8.8
Ice Magic      | 1 2 3 4 5 6 7 8 |  8.8
Air Magic      | 1 2 3 4 5 6 7 8 |  8.8
Earth Magic    | 1 2 3 4 5 6 7 8 |  8.8
Poison Magic   | 1 2 3 4 5 6 7 8 |  8.8
Invocations    | 2 3 4 6 7 9 10 11 | 11.2
Evocations     | 1 2 4 5 6 7 8 9 10 | 10.4
Fighting       | 7 8 9 10 11 12 | 12.0
Polearms       | 7 8 9 10 11 12 | 12.0
Armour         | 5 6 7 8 9 10 11 | 11.3
Dodging        | 5 6 7 8 9 10 11 | 11.3

Action                   |  1- 3 |  4- 6 |  7- 9 | 10-12 || total
-------------------------+-------+-------+-------+-------++-------
Melee: Unarmed           |    30 |       |       |       ||    30
       Spear             |    22 |    12 |       |       ||    34
       Bite              |     2 |     2 |     9 |    15 ||    28
       Scythe            |       |    12 |    39 |    34 ||    85
       Eveningstar       |       |       |       |    79 ||    79
       Punch             |       |       |       |     5 ||     5
Throw: Dart              |       |       |     3 |       ||     3
Invok: Berserk           |       |       |     2 |     2 ||     4
       Trog's Hand       |       |       |       |     2 ||     2
       Brothers in Arms  |       |       |       |     1 ||     1
Evoke: Wand              |       |       |     1 |       ||     1
  Use: Potion            |       |       |     2 |     1 ||     3
       Scroll            |       |       |       |     1 ||     1
 Stab: Sleeping          |       |     3 |       |       ||     3
       Distracted        |       |       |       |     1 ||     1
  Eat: Ration            |       |       |     1 |     3 ||     4
       Chunk             |       |       |     1 |       ||     1
Armor: Animal skin       |     1 |       |       |       ||     1
       Skin              |     1 |       |       |       ||     1
       Scale mail        |       |     2 |    12 |    57 ||    71
Dodge: Dodged            |    23 |     9 |    38 |   149 ||   219

Table legend:
 A = Non-vault XP
 B = Vault XP
 C = Vault XP percentage of total XP
 D = Non-vault monster count
 E = Vault monster count
 F = Vault count percentage of total count
                 A         B        C        D         E       F
            +---------+---------+-------+---------+---------+-------
      Total |       0 |   14988 | 100.0 |       0 |      55 | 100.0
            +---------+---------+-------+---------+---------+-------
          D |       0 |   14988 | 100.0 |       0 |      55 | 100.0
            +---------+---------+-------+---------+---------+-------
